 Dungeon Crawl Stone Soup version 0.24.0-37-gcf1ca852f1 (webtiles) character file.

Game seed: 12425964271355554349, levelgen mode: deterministic

2181 ReteAZ the Grappler (level 9, -18/83 HPs)
             Began as a Troll Monk on Dec 8, 2019.
             Was a Priest of Cheibriados.
             Demolished by a two-headed ogre
             ... wielding a +0 giant spiked club
              (22 damage)
             ... on level 8 of the Dungeon.
             The game lasted 00:12:35 (5200 turns).

ReteAZ the Grappler (Troll Monk)                    Turns: 5200, Time: 00:12:35

Health: -18/83     AC:  7    Str: 30    XL:     9   Next: 11%
Magic:  8/8        EV:  9    Int: 12    God:    Cheibriados [***...]
Gold:   264        SH: 10    Dex: 18    Spells: 8/8 levels left

rFire    . . .     SeeInvis .     - Unarmed
rCold    . . .     Gourm    +   n - +0 shield
rNeg     . . .     Faith    .   a - +1 robe
rPois    .         Spirit   .   (helmet restricted)
rElec    .         Reflect  .   q - scarf {repulsion}
rCorr    .         Harm     .   (gloves unavailable)
MR       .....                  (boots unavailable)
Stlth    ++........             (no amulet)
HPRegen  0.63/turn              (no ring)
MPRegen  0.11/turn              (no ring)

@: repel missiles, very slow
A: large, unfitting armour, claws 3, fast metabolism 3, gourmand, regeneration
1, shaggy fur 1, tough skin 3
a: Bend Time, Temporal Distortion, Renounce Religion


You were on level 8 of the Dungeon.
You worshipped Cheibriados.
Cheibriados was most pleased with you.
You were completely stuffed.

You visited 2 branches of the dungeon, and saw 9 of its levels.

You collected 264 gold pieces.

Inventory:

Armour
 a - a +1 robe (worn)
 n - a +0 shield (worn)
 q - a scarf of repulsion (worn)
 y - a +2 cloak
Jewellery
 t - an uncursed amulet of guardian spirit
 w - an uncursed ring of positive energy {unknown}
Wands
 j - a wand of iceblast (16)
 l - a wand of flame (46)
 m - a wand of polymorph (10)
 v - a wand of paralysis (12)
Scrolls
 d - a scroll of immolation
 f - 3 scrolls of identify
 i - 4 scrolls of fog
 k - 3 scrolls of teleportation
 A - 2 scrolls of remove curse
Potions
 c - a potion of invisibility {unknown}
 e - a potion of flight {unknown}
 g - 2 potions of haste {unknown}
 h - 4 potions of lignification {unknown}
 o - 2 potions of degeneration {unknown}
 p - a potion of might {unknown}
 r - a potion of agility {unknown}
 s - 3 potions of heal wounds {unknown}
 u - a potion of cancellation {unknown}
 x - 3 potions of curing {unknown}
Comestibles
 b - 20 rations
 z - 9 chunks of flesh


   Skills:
 + Level 3.2 Fighting
 - Level 2.4 Dodging
 - Level 1.0 Stealth
 * Level 2.7 Shields
 - Level 11.4 Unarmed Combat


You had 8 spell levels left.
You didn't know any spells.
Your spell library was empty.

Dungeon Overview and Level Annotations

Branches:
Dungeon (8/15)             Temple (1/1) D:6
   Lair: D:8-11

Altars:
Ashenzari
Cheibriados
Dithmenos
Elyvilon
Fedhas
Gozag
Hepliaklqana
Kikubaaqudgha
Makhleb
Nemelex Xobeh
Okawaru
Qazlal
Ru
Sif Muna
Trog
Uskayaw
Vehumet
Wu Jian
Xom
Yredelemnul
Zin
The Shining One


Innate Abilities, Weirdness & Mutations

You are too large for most types of armour.
You have claws for hands.
Your metabolism is lightning-fast.
You like to eat raw meat.
Your natural rate of healing is unusually fast.
You are covered in fur. (AC +1)
You have extremely tough skin. (AC +3)


Message History

You are too injured to fight recklessly!
Unknown command.
You barely miss the two-headed ogre.
The two-headed ogre is moderately wounded.
You scratch the two-headed ogre.
The two-headed ogre is moderately wounded.
The two-headed ogre hits you with a +0 giant spiked club!!
* * * LOW HITPOINT WARNING * * *
You block the two-headed ogre's attack.
You mangle the two-headed ogre!!
The two-headed ogre is almost dead.
The two-headed ogre closely misses you.
The two-headed ogre hits you with a +0 giant spiked club!
* * * LOW HITPOINT WARNING * * *
You scratch the two-headed ogre but do no damage.
The two-headed ogre is almost dead.
You barely miss the two-headed ogre.
The two-headed ogre is almost dead.
The two-headed ogre hits you with a +0 giant spiked club!!
You die...

#.##.##(#
#.##.##)#
##.......#
#.......##
#.##.#..#
# #.###.#
#.##.#..#
#.....>.#
####@####
#O# ...
#.### #.
#. #. #.


You could see a two-headed ogre.

Vanquished Creatures
  Prince Ribbit (D:6)
  A hungry ghost (D:7)
  Menkaure (D:5)
  Duvessa (D:5)
  An ice beast (D:6)
  2 ogres
  2 centaurs
  Blork the orc (D:6)
  A big kobold (D:7)
  A bullfrog (D:7)
  A gnoll sergeant (D:6)
  Dowan (D:5)
  A scorpion (D:7)
  2 crimson imps
  A bullfrog zombie (D:6)
  Crazy Yiuf (D:5)
  2 orc priests
  5 orc wizards
  Ijyb (D:3)
  An iguana (D:4)
  6 worker ants
  6 gnolls
  6 adders
  2 shadow imps (D:5)
  2 adder zombies
  An adder skeleton (D:4)
  5 worms
  4 dart slugs
  27 orcs
  3 bats
  4 giant cockroaches
  19 goblins
  19 hobgoblins
  5 jackals
  5 quokkas
  2 ball pythons
  3 frilled lizards
  21 kobolds
  6 rats
174 creatures vanquished.

Notes
Turn   | Place    | Note
-------+----------+-------------------------------------------
     0 | D:1      | ReteAZ the Troll Monk began the quest for the Orb.
     0 | D:1      | Reached XP level 1. HP: 22/22 MP: 0/0
   108 | D:1      | Reached XP level 2. HP: 29/29 MP: 1/1
   546 | D:1      | Reached skill level 4 in Unarmed Combat
   707 | D:2      | Reached XP level 3. HP: 32/36 MP: 2/2
   983 | D:2      | Reached skill level 5 in Unarmed Combat
   983 | D:2      | Reached XP level 4. HP: 19/44 MP: 3/3
  1255 | D:3      | Found a glowing golden altar of the Shining One.
  1275 | D:3      | Noticed Ijyb
  1281 | D:3      | Killed Ijyb
  1281 | D:3      | Reached XP level 5. HP: 50/50 MP: 4/4
  2031 | D:3      | Reached skill level 6 in Unarmed Combat
  2175 | D:4      | Noticed an ogre
  2180 | D:4      | Killed an ogre
  2180 | D:4      | Reached XP level 6. HP: 56/59 MP: 5/5
  2199 | D:4      | Reached skill level 7 in Unarmed Combat
  2530 | D:4      | Found an ancient bone altar of Kikubaaqudgha.
  2605 | D:4      | Found an iron altar of Okawaru.
  2738 | D:5      | Entered Level 5 of the Dungeon
  2821 | D:5      | Found a hazy altar of Hepliaklqana.
  2898 | D:5      | Noticed Menkaure
  2910 | D:5      | Killed Menkaure
  2910 | D:5      | Reached skill level 8 in Unarmed Combat
  2910 | D:5      | Reached XP level 7. HP: 34/66 MP: 6/6
  3071 | D:5      | Reached skill level 9 in Unarmed Combat
  3141 | D:5      | Found a shattered altar of Ashenzari.
  3452 | D:5      | Found a runed translucent door.
  3453 | D:5      | Noticed Crazy Yiuf
  3652 | D:5      | Noticed Duvessa
  3652 | D:5      | Noticed Dowan
  3657 | D:5      | Killed Duvessa
  3662 | D:5      | Killed Dowan
  3769 | D:5      | Killed Crazy Yiuf
  3769 | D:5      | Reached XP level 8. HP: 71/74 MP: 7/7
  3834 | D:6      | Reached skill level 10 in Unarmed Combat
  3891 | D:6      | Noticed Prince Ribbit
  3895 | D:6      | Killed Prince Ribbit
  3986 | D:6      | Found a staircase to the Ecumenical Temple.
  3989 | D:6      | Reached skill level 11 in Unarmed Combat
  4003 | Temple   | Entered the Ecumenical Temple
  4116 | Temple   | Became a worshipper of Cheibriados the Contemplative
  4116 | Temple   | Reached * piety under Cheibriados
  4116 | Temple   | Reached ** piety under Cheibriados
  4418 | D:6      | Noticed Blork the orc
  4426 | D:6      | Killed Blork the orc
  4645 | D:7      | Reached skill level 1 in Shields
  4730 | D:7      | Reached XP level 9. HP: 80/80 MP: 8/8
  4802 | D:7      | Found a sparkling altar of Nemelex Xobeh.
  5176 | D:8      | Reached *** piety under Cheibriados
  5192 | D:8      | Noticed a two-headed ogre
  5198 | D:8      | HP: 3/83 [two-headed ogre/+0 giant spiked club (8)]
  5200 | D:8      | Demolished by a two-headed ogre

Levels and vault maps discovered:
D:1:      minmay_arrival_nine_rooms, layout_basic
D:2:      layout_rooms, first_ration, minmay_pentomino_q2
D:3:      layout_basic, nicolae_overflow_hidden_temple, serial_glass,
          glass_columns_a, glass_columns_b, uniq_ijyb
D:4:      layout_loops_cross, lemuel_zombie_altar_kikubaaqudgha, okawaru_trees_1
D:5:      corexii_shantytown, layout_cave_pools, kennysheep_little_box,
          evilmike_ruin_ashenzari, st_stairs_1, uniq_crazy_yiuf_cottage,
          uniq_menkaure, uniq_duvessa
D:6:      layout_loops_ring, minmay_temple_entry_stoned_glass,
          uniq_prince_ribbit1, uniq_blork_the_orc
D:7:      layout_basic, nemelex_diamond_rough_becter
D:8:      layout_loops_cross, lair_entry_dummy, hellmonk_ghost_happy_afterlife
Temple:   compressed_dpeg_circular_temple

Skill      XL: |  1  2  3  4  5  6  7  8  9 |
---------------+----------------------------+-----
Unarmed Combat | 4 5 6 8 9 11 | 11.4
Shields        | 1 2 |  2.7
Fighting       | 3 |  3.2
Dodging        | |  2.4
Stealth        | |  1.0

Action                   |  1- 3 |  4- 6 |  7- 9 || total
-------------------------+-------+-------+-------++-------
Melee: Unarmed           |    90 |   124 |   259 ||   473
       Punch             |     1 |     2 |    10 ||    13
  Use: Scroll            |       |       |    12 ||    12
 Stab: Sleeping          |     2 |     3 |     3 ||     8
  Eat: Chunk             |    13 |    19 |    20 ||    52
Armor: Robe              |    32 |    24 |    61 ||   117
Dodge: Dodged            |    44 |    49 |    70 ||   163
       Deflected         |       |       |     2 ||     2
Block: Shield            |       |       |    29 ||    29
